 Dungeon Crawl Stone Soup version 0.18-a0-1683-gf9322e6 (webtiles) character file.

519 inmateoo the Ruffian (level 7, -10/60 HPs)
             Began as a Yellow Draconian Arcane Marksman on Apr 3, 2016.
             Mangled by an ogre
             ... wielding a +0 giant club
              (28 damage)
             ... on level 4 of the Dungeon.
             The game lasted 00:05:18 (3689 turns).

inmateoo the Ruffian (DrAM)                         Turns: 3689, Time: 00:05:19

Health: -10/60     AC:  6    Str: 21    XL:     7   Next: 1%
Magic:  8/8        EV:  7    Int: 13    God:
Gold:   180        SH:  0    Dex: 10    Spells: 1 memorised, 7 levels left

rFire  . . .     SeeInvis .     n - +4 spear
rCold  . . .     Gourm    .     (armour unavailable)
rNeg   . . .     Faith    .     (no shield)
rPois  .         Spirit   .     (helmet restricted)
rElec  .         Dismiss  .     (no cloak)
rCorr  +         Reflect  .     (no gloves)
SustAt +         Harm     +     (no boots)
MR     .....                    l - amulet of harm
Stlth  +.........               (no ring)
                                j - ring of sustain attributes

@: mighty, flying, not resistant to hostile enchantments, very unstealthy
A: spit acid, acid resistance, unfitting armour, cold-blooded, AC +6
a: Spit Acid


You were on level 4 of the Dungeon.
You were not hungry.

You visited 1 branch of the dungeon, and saw 4 of its levels.

You collected 180 gold pieces.

Inventory:

Hand Weapons
 a - a +0 hunting sling
 n - a +4 spear (weapon)
Missiles
 c - 55 sling bullets
 g - 79 stones (quivered)
 h - 6 sling bullets of frost
 v - 2 throwing nets
Armour
 o - the +0 helmet "Niz Uzo" {+Blink rCorr, unknown}
   (You took it off Robin on level 3 of the Dungeon)

   It lets you blink.
   It protects you from acid and corrosion.
Jewellery
 j - a ring of sustain attributes (left hand)
 l - an amulet of harm (around neck)
Scrolls
 e - 2 scrolls of teleportation
 i - a scroll of remove curse
Potions
 k - a potion of resistance
 m - a potion of mutation {unknown}
 r - a potion of ambrosia {unknown}
 t - 3 potions of magic
 u - 2 potions of flight
Books
 b - a book of Debilitation

   Spells                             Type                      Level
   a - Corona                         Hexes                        1
   b - Slow                           Hexes                        2
   c - Gell's Gravitas                Hexes/Translocation          3
   d - Inner Flame                    Hexes/Fire                   3
   e - Cause Fear                     Hexes                        4
   f - Leda's Liquefaction            Hexes/Earth                  4
Comestibles
 d - 4 bread rations
 f - 2 fruits
 q - a meat ration
 s - a slice of pizza


   Skills:
 + Level 4.4 Fighting
 - Level 1.7 Slings
 - Level 1.7 Dodging
 * Level 6.0 Unarmed Combat
 - Level 1.0 Spellcasting
 - Level 2.6 Hexes


You had 7 spell levels left.
You knew the following spells:

 Your Spells              Type           Power        Failure   Level  Hunger
a - Corona                Hex            #......      12%         1    ##.....


Dungeon Overview and Level Annotations

Branches:
Dungeon (4/15)
 Temple: D:4-7

Altars:
Trog


Innate Abilities, Weirdness & Mutations

You can spit globs of acid.
You are resistant to acid.
Your golden yellow scales are hard (AC +6).
Your body does not fit into most forms of armour.
You are cold-blooded and may be slowed by cold attacks.


Message History

You hit the ogre. You tail-slap the ogre!
The ogre is heavily wounded.
The ogre hits you with a giant club!
You hit the ogre but do no damage.
The ogre is heavily wounded.
The ogre hits you with a giant club!
* * * LOW HITPOINT WARNING * * *
You are too injured to fight recklessly!
Drink which item? (? for menu, Esc to quit)
Okay, then.
Drink which item? (? for menu, Esc to quit)
It was a potion of flight.
You feel very buoyant.
You fly up into the air.
Found a scroll of identify.
A worker ant comes into view.
The worker ant twitches its antennae in your direction.
There is a stone staircase leading up here.
The ogre hits you with a giant club!!
You die...

#####.# #.#.#### ......# .
.### ####...# #####.# . ...#
##..# #....# #.##..# ##.#
#.##.###.##.#.... ##..#
##............?..# ####...#
......###.####...# #.#.####
##..#####.#####..## ##.##
##..............@O####.#######
.##)#####.##......O..........#
.##)......##.##.######.#####.#
..)######... .a. #.##... ....#
# ..## #[##.##.##.' .#..# #...
#.).o..O...' .#..# #..
#...>.O.##.# ##..# #..
#.##.......# ##..#
#.##.......#


You could see 2 ogres and a worker ant.

Vanquished Creatures
  Blork the orc (D:4)
  A howler monkey (D:4)
  A crimson imp (D:3)
  A hound (D:4)
  An orc priest (D:4)
  An orc wizard (D:4)
  A centaur skeleton (D:4)
  A worker ant (D:4)
  Robin (D:3)
  8 gnolls (D:4)
  3 adders
  An ooze (D:2)
  2 worms (D:3)
  5 dart slugs
  3 giant geckos
  8 orcs
  2 ball pythons
  4 bats
  6 giant cockroaches
  8 hobgoblins
  4 jackals (D:2)
  12 kobolds
  5 giant newts
  17 goblins
  11 rats
108 creatures vanquished.

Notes
Turn   | Place    | Note
--------------------------------------------------------------
     0 | D:1      | inmateoo the Draconian Arcane Marksman began the quest for the Orb.
     0 | D:1      | Reached XP level 1. HP: 16/16 MP: 2/2
    67 | D:1      | Reached skill level 1 in Unarmed Combat
    97 | D:1      | Reached XP level 2. HP: 15/23 MP: 3/3
   398 | D:1      | Reached skill level 2 in Unarmed Combat
   869 | D:1      | Reached XP level 3. HP: 24/28 MP: 4/4
  1357 | D:2      | Reached skill level 3 in Unarmed Combat
  1865 | D:2      | Reached XP level 4. HP: 36/36 MP: 5/5
  1977 | D:3      | Noticed Robin
  2002 | D:3      | Killed Robin
  2014 | D:3      | Got a distressingly furry helmet
  2127 | D:3      | Reached skill level 4 in Unarmed Combat
  2191 | D:3      | Reached XP level 5. HP: 39/42 MP: 6/6
  2768 | D:3      | Noticed a moth of wrath
  2771 | D:3      | Found a bloodstained altar of Trog.
  3138 | D:4      | Reached skill level 5 in Unarmed Combat
  3138 | D:4      | Reached XP level 6. HP: 48/51 MP: 7/7
  3410 | D:4      | Noticed Blork the orc
  3419 | D:4      | Killed Blork the orc
  3678 | D:4      | Reached skill level 6 in Unarmed Combat
  3678 | D:4      | Your scales start taking on a golden yellow colour.
  3678 | D:4      | Reached XP level 7. HP: 34/60 MP: 8/8
  3689 | D:4      | Mangled by an ogre

Vault maps used:
D:1:      dpeg_arrival_orchard, kennysheep_doodads, columned_hall_lemuel
D:2:      wad_pebble_path, nrook_mini_vaults
D:3:      tgw_trog, uniq_robin
D:4:      grunt_temple_overflow_order_and_chaos_2, old_standard_altar,
          gammafunk_temple_overflow_elements, first_bread,
          kennysheep_generic_room_12, uniq_blork_the_orc

Skill      XL: |  1  2  3  4  5  6 |
---------------+-------------------+-----
Unarmed Combat | 1 2 3 4 5 6 |  6.0
Fighting       | 2 3 4 |  4.4
Slings         | |  1.7
Dodging        | |  1.7
Spellcasting   | |  1.0
Hexes          | |  2.6

Action                   |  1- 3 |  4- 6 |  7- 9 || total
-------------------------+-------+-------+-------++-------
Melee: Unarmed           |    69 |       |       ||    69
       Spear             |    60 |   199 |     2 ||   261
 Fire: Hunting sling     |     2 |       |       ||     2
  Use: Scroll            |    10 |     4 |       ||    14
       Potion            |       |     3 |     1 ||     4
 Stab: Invisible         |       |     1 |       ||     1
       Sleeping          |       |     5 |       ||     5
       Distracted        |       |     1 |       ||     1
  Eat: Chunk             |     3 |     6 |       ||     9
